[Event "Titled Tuesday Blitz January 03 Early 2023"]
[White "Martin, Lewis"]
[Black "Fajdetic, Hrvoje"]
[WhiteFideId "410551"]
[BlackFideId "14501945"]
[WhiteElo "2135"]
[BlackElo "2151"]
[Result "1/2-1/2"]
[Round "07"]
[TimeControl "180+2"]
[Date "2023.01.03"]
[WhiteClock "0:00:02"]
[BlackClock "0:00:04"]

1. e4 c5 2. Nf3 a6 3. d4 cxd4 4. Nxd4 e5 5. Nb3 Nc6 6. g3 Nf6 7. Bg2 Be7 8. O-O d6 9. Nc3 Bg4 10. f3 Be6 11. Be3 d5 12. exd5 Nxd5 13. Nxd5 Qxd5 14. Qxd5 Bxd5 15. Rad1 O-O-O 16. Bb6 Rd7 17. Bh3 Be6 18. Bxe6 fxe6 19. Rxd7 Kxd7 20. Rd1+ Kc8 21. Kf2 Bd8 22. Be3 Bf6 23. c3 Rd8 24. Rxd8+ Nxd8 25. Nc5 Kc7 26. Ke2 Kc6 27. Kd3 Be7 28. Nb3 b6 29. Ke4 Bf6 30. Nd2 Nf7 31. Nc4 b5 32. Na5+ Kd6 33. h4 g6 34. Nb7+ Kc7 35. Nc5 Nd6+ 36. Kd3 Nc4 37. Bc1 h5 38. Nxa6+ Kd6 39. Nb4 Nb6 40. b3 Nd5 41. Nc2 Nb6 42. Ba3+ Kc6 43. c4 bxc4+ 44. bxc4 Bd8 45. Nb4+ Kb7 46. Nc2 g5 47. hxg5 Bxg5 48. Bd6 Nd7 49. Ke4 h4 50. gxh4 Bxh4 51. Bxe5 Be7 52. Bd4 Kc6 53. Be3 Bd6 54. Nd4+ Kb7 55. Nxe6 Be7 56. Kd5 Nf6+ 57. Ke5 Nd7+ 58. Kf5 Kc6 59. a4 Nb8 60. Kg6 Na6 61. Kf7 Bb4 62. f4 Bc3 63. f5 Nb4 64. f6 Nc2 65. Bf4 Na3 66. Ke7 Bxf6+ 67. Kxf6 Nxc4 68. Bc1 Kb6 69. Nd4 Ka5 70. Ke6 Kxa4 71. Kd5 Nb6+ 72. Kc6 Nc8 73. Ne6 Ne7+ 74. Kd7 Nf5 75. Kc6 Kb3 76. Kd5 Kc2 77. Bg5 Ng3 78. Kd4 Ne2+ 79. Ke3 Nc1 80. Bf6 Nb3 81. Nf4 Na5 82. Nd3 Nc4+ 83. Kd4 Nb2 84. Nb4+ Kb3 85. Kc5 Na4+ 86. Kb5 Nc3+ 87. Ka5 Ne4 88. Be5 Ng5 89. Nc6 Nf7 90. Bh8 Kc4 91. Ne5+ Nxe5 1/2-1/2


[Site "https://www.chess.com"]

[Event "Titled Tuesday Blitz January 03 Early 2023"]
[White "Blindsplieler"]
[Black "Van den Dikkenberg, Erik"]
[BlackFideId "1005880"]
[WhiteElo "2071"]
[BlackElo "2091"]
[Result "0-1"]
[Round "07"]
[TimeControl "180+2"]
[Date "2023.01.03"]
[WhiteClock "0:00:01"]
[BlackClock "0:00:06"]

1. d4 Nf6 2. c4 e6 3. g3 Bb4+ 4. Bd2 Qe7 5. Nf3 O-O 6. Bg2 Nc6 7. Nc3 Bxc3 8. Bxc3 Ne4 9. Rc1 d6 10. O-O Nxc3 11. Rxc3 e5 12. d5 Nb8 13. b4 a5 14. a3 axb4 15. axb4 Nd7 16. e4 b6 17. Ne1 f5 18. exf5 Rxf5 19. Nd3 Qf7 20. Bh3 Rf6 21. Be6 Rxe6 22. dxe6 Qxe6 23. c5 d5 24. cxb6 cxb6 25. Qc2 Nf6 26. Rc1 Ba6 27. Rc6 Qf5 28. Rd1 Bc4 29. Ne1 Qh3 30. Rxc4 dxc4 31. Qxc4+ Kh8 32. f3 e4 33. Rc1 exf3 34. Nxf3 h6 35. Ne5 Qf5 36. Nf7+ Kh7 37. Rf1 Qg6 38. Ne5 Qe8 39. Qd3+ Kh8 40. Ng6+ Kg8 41. Qc4+ Kh7 42. Nf4 Qe5 43. Qd3+ Qe4 44. Qxe4+ Nxe4 45. Re1 Nc3 46. Re6 b5 47. Re5 Ra1+ 48. Kf2 Ra2+ 49. Ke3 Rxh2 50. Rc5 Nd1+ 51. Ke4 Nf2+ 52. Kf3 Nd3 53. Rxb5 Ne1+ 54. Ke4 Rb2 55. Rb7 Nc2 56. b5 Rb4+ 57. Ke5 Nd4 58. b6 Nf3+ 59. Ke6 Nd4+ 60. Kd6 Nf5+ 61. Kc5 Re4 62. Rb8 Re5+ 63. Kc6 Nd4+ 64. Kd6 Rb5 0-1


[Site "https://www.chess.com"]

[Event "Titled Tuesday Blitz January 03 Early 2023"]
[White "Tarnowska, Aleksandra"]
[Black "Winkels, Marcel"]
[WhiteFideId "1180967"]
[BlackFideId "1003887"]
[WhiteElo "1835"]
[BlackElo "1960"]
[Result "0-1"]
[Round "07"]
[TimeControl "180+2"]
[Date "2023.01.03"]
[WhiteClock "0:00:07"]
[BlackClock "0:00:27"]

1. e4 c5 2. Nf3 e6 3. d4 cxd4 4. Nxd4 Nc6 5. Nxc6 bxc6 6. c4 Bb4+ 7. Nc3 Ne7 8. a3 Bxc3+ 9. bxc3 O-O 10. Bd3 d5 11. cxd5 exd5 12. e5 Ng6 13. Bxg6 hxg6 14. O-O Re8 15. f4 Bf5 16. Be3 Be4 17. Qg4 Qa5 18. Rfc1 Rab8 19. Qd7 Qb5 20. Qxa7 Qe2 21. Bf2 Qg4 22. Bg3 Rb2 23. Qe3 Rxg2+ 24. Kf1 Rb8 25. e6 Qxe6 26. Bf2 Rb2 27. Re1 Rbxf2+ 28. Qxf2 Rxf2+ 29. Kxf2 Qf6 30. Re3 Qxf4+ 31. Ke2 Qg4+ 32. Kd2 Qf4 33. Re1 Qxh2+ 34. R1e2 Qd6 35. Rh2 Qxa3 36. Reh3 f6 37. Rh8+ Kf7 38. Rc8 Qb2+ 39. Ke3 Qxh2 40. Kd4 g5 41. Kc5 Qc2 42. c4 Qxc4+ 43. Kd6 g4 44. Rc7+ Kg6 45. Ke7 g3 46. Kf8 g2 47. Rxg7+ Kf5 48. Rg8 Qc5+ 49. Ke8 g1=Q 50. Rxg1 Qxg1 51. Kf7 d4 52. Ke8 d3 53. Kf7 d2 54. Ke8 d1=Q 55. Kf7 c5 56. Ke8 c4 57. Ke7 c3 58. Kf7 c2 59. Kf8 0-1


[Site "https://www.chess.com"]

[Event "Titled Tuesday Blitz January 03 Early 2023"]
[White "De Arruda, Leandro Formes"]
[Black "Suduvasachmatai"]
[WhiteFideId "22722009"]
[WhiteElo "1980"]
[BlackElo "2107"]
[Result "1-0"]
[Round "07"]
[TimeControl "180+2"]
[Date "2023.01.03"]
[WhiteClock "0:03:01"]
[BlackClock "0:02:18"]

1. d4 d5 2. Nf3 e6 3. e3 Nf6 4. Bd3 c5 5. c3 Nc6 6. Nbd2 Be7 7. O-O O-O 8. Ne5 Nxe5 9. dxe5 Nd7 10. f4 f6 11. Qh5 g6 12. Bxg6 hxg6 13. Qxg6+ Kh8 14. Rf3 f5 15. Qh6+ Kg8 16. Rg3+ 1-0


[Site "https://www.chess.com"]

[Event "Titled Tuesday Blitz January 03 Early 2023"]
[White "Guevara Sanchez, Erick Marvin"]
[Black "monkins"]
[WhiteFideId "6700136"]
[WhiteElo "2073"]
[BlackElo "2242"]
[Result "0-1"]
[Round "07"]
[TimeControl "180+2"]
[Date "2023.01.03"]
[WhiteClock "0:00:52"]
[BlackClock "0:00:20"]

1. e4 c5 2. Nf3 g6 3. d4 cxd4 4. Nxd4 Nf6 5. e5 Qa5+ 6. Nc3 Qxe5+ 7. Be2 Nc6 8. Be3 Bg7 9. Nxc6 dxc6 10. O-O O-O 11. Bd4 Qc7 12. Bd3 Rd8 13. Be3 Bf5 14. Qe2 Bxd3 15. cxd3 Nd5 16. d4 Rd7 17. Rac1 Rad8 18. Rfd1 Nxe3 19. fxe3 Qa5 20. Rf1 e5 21. dxe5 Qxe5 22. e4 h5 23. Qc4 Qd4+ 24. Qxd4 Rxd4 25. Rcd1 Rxd1 26. Rxd1 Rxd1+ 27. Nxd1 Bd4+ 28. Kf1 Kg7 29. b3 Kf6 30. Ke2 Ke5 31. Kd3 b5 32. h3 a5 33. a4 h4 34. Ne3 Bxe3 35. Kxe3 f5 36. exf5 gxf5 37. Kf3 bxa4 38. bxa4 c5 39. g3 hxg3 40. Kxg3 f4+ 41. Kf3 c4 42. Ke2 c3 43. h4 c2 44. Kd2 f3 45. Kxc2 f2 46. h5 f1=Q 47. h6 Qg2+ 48. Kc3 Qh3+ 49. Kc4 Qxh6 50. Kb5 Qd2 51. Kb6 Qb4+ 52. Ka6 Qxa4 53. Ka7 Qb4 54. Ka6 a4 55. Ka7 a3 56. Ka8 a2 57. Ka7 a1=Q# 0-1


[Site "https://www.chess.com"]

[Event "Titled Tuesday Blitz January 03 Early 2023"]
[White "Gonzalez, Francisco Silva"]
[Black "Mitrovic, Darko R"]
[WhiteFideId "1512285"]
[BlackFideId "927023"]
[WhiteElo "2021"]
[BlackElo "2220"]
[Result "1-0"]
[Round "07"]
[TimeControl "180+2"]
[Date "2023.01.03"]
[WhiteClock "0:02:08"]
[BlackClock "0:00:02"]

1. d4 Nf6 2. c4 e6 3. Nc3 Bb4 4. a3 Bxc3+ 5. bxc3 d6 6. f3 O-O 7. e4 e5 8. Bg5 c5 9. d5 Nbd7 10. Bd3 h6 11. Bh4 Re8 12. Ne2 Nf8 13. g4 Ng6 14. Bg3 a6 15. a4 Bd7 16. h4 b5 17. axb5 axb5 18. cxb5 c4 19. Bxc4 Qb6 20. Bf2 Qc7 21. Bd3 Rab8 22. c4 Bxg4 23. fxg4 Nxg4 24. Bg1 h5 25. Ra6 Nf4 26. Ng3 g6 27. Be2 Ng2+ 28. Kd2 Ra8 29. Qa4 Rxa6 30. Qxa6 Nf4 31. b6 Qe7 32. Bxg4 hxg4 33. Be3 Ng2 34. Bg5 f6 35. Be3 Nxe3 36. Kxe3 f5 37. exf5 gxf5 38. Nxf5 Qf6 39. Qb5 Rf8 40. Rf1 Qg6 41. b7 1-0


[Site "https://www.chess.com"]

[Event "Titled Tuesday Blitz January 03 Early 2023"]
[White "Tuleyeva-Aketayeva, Dana"]
[Black "Ocelak, Jakub"]
[WhiteFideId "13701932"]
[BlackFideId "23707933"]
[WhiteElo "2130"]
[BlackElo "2198"]
[Result "1-0"]
[Round "07"]
[TimeControl "180+2"]
[Date "2023.01.03"]
[WhiteClock "0:00:15"]
[BlackClock "0:00:03"]

1. d4 d6 2. Nf3 g6 3. g3 Bg7 4. Bg2 Bg4 5. O-O Qc8 6. c4 Nc6 7. d5 Nb8 8. Nc3 Nf6 9. Be3 O-O 10. Rc1 c6 11. b4 Bh3 12. a4 Bxg2 13. Kxg2 a5 14. b5 c5 15. Bd2 Nbd7 16. e4 Ng4 17. h3 Nge5 18. Qe2 f5 19. Nxe5 Bxe5 20. f4 Bd4 21. exf5 Rxf5 22. Qxe7 Rf6 23. Ne4 Rf7 24. Qxf7+ Kxf7 25. Nxd6+ Kg8 26. Nxc8 Rxc8 27. Rce1 Nb6 28. Bxa5 Nxc4 29. d6 Nxd6 30. Bd2 c4 31. Re6 Nf5 32. a5 c3 33. Bc1 Ra8 34. a6 bxa6 35. Rxa6 Rb8 36. Ra5 Bb6 37. Ra3 Bd4 38. Rb3 Nd6 39. Rd1 1-0


[Site "https://www.chess.com"]

[Event "Titled Tuesday Blitz January 03 Early 2023"]
[White "Johnson, Ben"]
[Black "Gholami Orimi, Mahdi"]
[WhiteFideId "2010917"]
[BlackFideId "12558486"]
[WhiteElo "1961"]
[BlackElo "2420"]
[Result "0-1"]
[Round "07"]
[TimeControl "180+2"]
[Date "2023.01.03"]
[WhiteClock "0:00:15"]
[BlackClock "0:01:17"]

1. Nf3 d5 2. e3 Nf6 3. c4 c6 4. Nc3 Bg4 5. cxd5 cxd5 6. Qb3 Qb6 7. Qxb6 axb6 8. Ne5 Bd7 9. Nxd7 Kxd7 10. d4 e6 11. Bd3 Nc6 12. f3 Bb4 13. Kf2 Bxc3 14. bxc3 Rhc8 15. g4 Na5 16. Bd2 Nc4 17. Ke2 Ra3 18. Bxc4 Rxc4 19. Rhb1 Kc6 20. Rb3 Rca4 21. Rab1 Ra6 22. R1b2 Ne8 23. e4 Nd6 24. exd5+ exd5 25. Rxa3 Rxa3 26. Be1 Nc4 27. Rc2 b5 28. Kd3 Ra8 29. Re2 Kd7 30. Bh4 f6 31. g5 f5 32. g6 hxg6 33. Re7+ Kc6 34. Rxg7 Rxa2 35. Rxg6+ Kd7 36. Bg3 Rd2# 0-1


[Site "https://www.chess.com"]

[Event "Titled Tuesday Blitz January 03 Early 2023"]
[White "Kabanova, Ekaterina"]
[Black "Flis, Pawel"]
[WhiteFideId "24112917"]
[BlackFideId "1112864"]
[WhiteElo "2088"]
[BlackElo "1879"]
[Result "1-0"]
[Round "07"]
[TimeControl "180+2"]
[Date "2023.01.03"]
[WhiteClock "0:00:51"]
[BlackClock "0:00:04"]

1. c4 Nf6 2. Nf3 g6 3. e3 Bg7 4. Be2 O-O 5. O-O d5 6. a3 dxc4 7. Bxc4 c6 8. Be2 Bg4 9. Qc2 Nbd7 10. d3 Nb6 11. h3 Bxf3 12. Bxf3 e6 13. Nd2 Nbd5 14. b4 Nd7 15. Bb2 Bxb2 16. Qxb2 Qf6 17. d4 Qe7 18. Ne4 N7f6 19. Nc5 h5 20. Rab1 a6 21. Rfd1 Rac8 22. Qc1 e5 23. dxe5 Qxe5 24. Nxb7 Rfe8 25. Rd3 Ne4 26. Nc5 Nec3 27. Rb3 Na2 28. Qd2 Qa1+ 29. Kh2 Nc1 30. Qd1 Qe5+ 31. g3 Nxb3 32. Qxb3 Qf6 33. Kg2 Ra8 34. Bxd5 cxd5 35. Rxd5 Red8 36. e4 Rxd5 37. Qxd5 Rd8 38. Qc4 Rd2 39. Nd3 Qd6 40. Nf4 Qd4 41. Qxd4 Rxd4 42. Kf3 Rc4 43. Nd5 Kf8 44. Ke3 Ke8 45. Kd3 Rc1 46. a4 Ra1 47. a5 Ra2 48. f4 Kd8 49. g4 Ra3+ 50. Kd4 Rxh3 51. gxh5 gxh5 52. Nc3 Rh1 53. b5 axb5 54. Nxb5 Kc8 55. Nd6+ Kc7 56. Nxf7 h4 57. Ng5 h3 58. Ke5 h2 59. Nf3 1-0


[Site "https://www.chess.com"]

[Event "Titled Tuesday Blitz January 03 Early 2023"]
[White "Necula, Iulian"]
[Black "Figorito, Nick"]
[WhiteFideId "1232380"]
[BlackFideId "30923689"]
[WhiteElo "1851"]
[BlackElo "2036"]
[Result "1-0"]
[Round "07"]
[TimeControl "180+2"]
[Date "2023.01.03"]
[WhiteClock "0:00:09"]
[BlackClock "0:00:22"]

1. d4 Nf6 2. Nc3 e6 3. Bf4 d5 4. e3 Bb4 5. Ne2 O-O 6. a3 Be7 7. h3 c5 8. dxc5 Bxc5 9. Bg5 Nc6 10. Ng3 Be7 11. Bd3 e5 12. Bxf6 Bxf6 13. Nxd5 Be6 14. Nxf6+ Qxf6 15. Ne4 Qe7 16. Qh5 g6 17. Qf3 f5 18. Qg3 fxe4 19. Bxe4 Rad8 20. Bxg6 Qg7 21. Be4 Qxg3 22. fxg3 Bd5 23. Bxd5+ Rxd5 24. Ke2 Rfd8 25. Rad1 Rxd1 26. Rxd1 Rxd1 27. Kxd1 Kf7 28. Ke2 Ke6 29. Kd3 Kd5 30. c4+ Ke6 31. b4 Ne7 32. a4 Nf5 33. g4 Nh4 34. g3 Ng6 35. a5 Ne7 36. h4 Kd6 37. Ke4 b6 38. axb6 axb6 39. h5 Nc6 40. c5+ bxc5 41. bxc5+ Kxc5 42. g5 Kd6 43. g6 hxg6 44. h6 Ne7 45. h7 Nf5 46. h8=Q Nxg3+ 47. Kf3 Nf5 48. Qf6+ Kd7 49. Qxe5 Ne7 50. Qd4+ Ke6 51. e4 Kf7 52. Qd7 Kf6 53. Qd6+ Kf7 54. e5 Nf5 55. e6+ Kf6 56. Qd7 Ne7 57. Kg4 g5 58. Qd8 Kxe6 59. Kxg5 Nd5 60. Qe8+ Kd6 61. Kf5 Ne7+ 62. Ke4 Nc6 63. Qf8+ Kc7 64. Kd5 Nb8 65. Qe8 Nd7 66. Qe7 Kc8 67. Kd6 Nb6 68. Qc7# 1-0


[Site "https://www.chess.com"]

[Event "Titled Tuesday Blitz January 03 Early 2023"]
[White "Kho, Darrell"]
[Black "Tharushi, T H D Niklesha"]
[WhiteFideId "1019317"]
[BlackFideId "9918264"]
[WhiteElo "2075"]
[BlackElo "1570"]
[Result "1-0"]
[Round "07"]
[TimeControl "180+2"]
[Date "2023.01.03"]
[WhiteClock "0:00:35"]
[BlackClock "0:01:37"]

1. e4 a6 2. d4 b5 3. Nf3 Bb7 4. Bd3 e6 5. O-O Be7 6. Qe2 Nf6 7. h3 O-O 8. Bf4 c5 9. c3 c4 10. Bc2 Nc6 11. Nbd2 Qb6 12. e5 Nd5 13. Qe4 f5 14. exf6 Nxf6 15. Qe2 Nd5 16. Bg5 h6 17. Qe4 Nf6 18. Bxf6 Bxf6 19. Qh7+ Kf7 20. Ne4 Rh8 21. Qg6+ Kxg6 22. Neg5+ Kh5 23. g4# 1-0


[Site "https://www.chess.com"]

[Event "Titled Tuesday Blitz January 03 Early 2023"]
[White "Kniazev, Igor"]
[Black "Lohani, Sujana"]
[WhiteFideId "4136349"]
[BlackFideId "12311987"]
[WhiteElo "2057"]
[BlackElo "1754"]
[Result "1-0"]
[Round "07"]
[TimeControl "180+2"]
[Date "2023.01.03"]
[WhiteClock "0:01:55"]
[BlackClock "0:01:25"]

1. e4 d6 2. d4 Nf6 3. Nc3 Nbd7 4. f4 e5 5. dxe5 dxe5 6. fxe5 Nxe5 7. Qxd8+ Kxd8 8. Bg5 Be7 9. O-O-O+ Bd7 10. Nf3 Nxf3 11. gxf3 c6 12. Bh3 Kc7 13. Bxd7 Nxd7 14. Bxe7 Rhe8 15. Bd6+ Kb6 16. b4 a5 17. Kb2 axb4 18. Bxb4 c5 19. Rxd7 cxb4 20. Nd5+ Kc6 21. Rc7+ Kb5 22. Rxb7+ Kc6 23. Rb6+ Kc5 24. Rb7 Ra3 25. Nxb4 Rea8 26. Rd1 R3a4 27. c3 Kc4 28. Rd4+ Kc5 29. Rd5+ Kc4 30. Rc7# 1-0


[Site "https://www.chess.com"]

[Event "Titled Tuesday Blitz January 03 Early 2023"]
[White "Duda, Jan-Krzysztof"]
[Black "Martinez Alcantara, Jose Eduardo"]
[WhiteFideId "1170546"]
[BlackFideId "3805662"]
[WhiteElo "2724"]
[BlackElo "2619"]
[Result "1-0"]
[Round "08"]
[TimeControl "180+2"]
[Date "2023.01.03"]
[WhiteClock "0:00:05"]
[BlackClock "0:00:08"]

1. d4 Nf6 2. c4 e6 3. Nf3 Bb4+ 4. Bd2 Qe7 5. g3 Bxd2+ 6. Nbxd2 d6 7. Bg2 a5 8. Nf1 e5 9. Ne3 c6 10. Qc2 O-O 11. O-O Re8 12. Rad1 Na6 13. b3 e4 14. Nh4 g6 15. a3 d5 16. Qb2 Nc7 17. Rd2 a4 18. cxd5 Ncxd5 19. Nxd5 Nxd5 20. Bh1 axb3 21. Ra1 e3 22. Rd3 exf2+ 23. Kxf2 g5 24. Nf3 g4 25. Ne5 f6 26. Nc4 Be6 27. Rxb3 b5 28. Nd2 f5 29. e3 h5 30. Rc1 Rac8 31. Bg2 h4 32. Qb1 Qd6 33. Rd3 Bf7 34. Rc5 Nxe3 35. Rxe3 Qxd4 36. Ne4 Rxe4 37. Bxe4 Qxc5 38. Qc2 Qd4 39. Bxf5 Rf8 40. Qd3 Qc5 41. Ke1 Bc4 42. Be6+ Kg7 43. Bxc4 Qxc4 44. Re7+ Kf6 45. Qd6+ Kg5 46. Rg7+ Kf5 47. Qxf8+ Ke4 48. Qf4+ Kd3 49. Qxc4+ bxc4 50. Rxg4 h3 51. Kd1 c3 52. Kc1 Ke3 53. Rh4 1-0


[Site "https://www.chess.com"]

[Event "Titled Tuesday Blitz January 03 Early 2023"]
[White "Madaminov, Mukhiddin"]
[Black "Zhigalko, Sergei"]
[WhiteFideId "14210703"]
[BlackFideId "13502956"]
[WhiteElo "2422"]
[BlackElo "2572"]
[Result "1/2-1/2"]
[Round "08"]
[TimeControl "180+2"]
[Date "2023.01.03"]
[WhiteClock "0:02:12"]
[BlackClock "0:01:43"]

1. d4 Nf6 2. Nc3 d5 3. Bf4 a6 4. e3 b5 5. Bd3 Bb7 6. Nf3 e6 7. Ne2 c5 8. c3 Nc6 9. O-O Be7 10. Ne5 O-O 11. Ng3 Rc8 12. Nh5 Nxh5 13. Qxh5 f5 14. Nxc6 Bxc6 15. Be5 c4 16. Bc2 a5 17. a3 Bd6 18. f4 Bxe5 19. fxe5 Be8 20. Qh3 Rb8 21. g4 Qg5 22. Kh1 Bg6 23. gxf5 Bxf5 24. Bxf5 Rxf5 25. Rxf5 Qxf5 26. Qxf5 exf5 27. Kg2 Rb6 28. h3 Kf7 29. Kf3 Rh6 30. Kg3 Rg6+ 31. Kf3 Rh6 32. Kg3 Rg6+ 33. Kf3 Rh6 1/2-1/2


[Site "https://www.chess.com"]

[Event "Titled Tuesday Blitz January 03 Early 2023"]
[White "Nakamura, Hikaru"]
[Black "Shimanov, Aleksandr"]
[WhiteFideId "2016192"]
[BlackFideId "4198603"]
[WhiteElo "2775"]
[BlackElo "2581"]
[Result "1-0"]
[Round "08"]
[TimeControl "180+2"]
[Date "2023.01.03"]
[WhiteClock "0:00:47"]
[BlackClock "0:00:04"]

1. e4 d5 2. exd5 Qxd5 3. Nc3 Qe5+ 4. Be2 Bg4 5. d4 Bxe2 6. Ngxe2 Qa5 7. b4 Qf5 8. d5 Nf6 9. O-O g6 10. Bf4 Qd7 11. Be5 Bg7 12. Qd4 O-O 13. Ne4 Qd8 14. c4 Nbd7 15. Nxf6+ exf6 16. Bg3 f5 17. Qd3 Bxa1 18. Rxa1 Re8 19. h3 Qf6 20. Rd1 Rac8 21. c5 Re4 22. Qb5 Rce8 23. Qxd7 Rxe2 24. Qxc7 R2e7 25. Qd6 Qxd6 26. Bxd6 Re1+ 27. Rxe1 Rxe1+ 28. Kh2 Rd1 29. Bb8 Rxd5 30. Bxa7 f6 31. b5 Kf7 32. c6 bxc6 33. b6 Rb5 34. a4 Rb1 35. a5 c5 36. a6 c4 37. b7 c3 38. b8=Q Rxb8 39. Bxb8 g5 40. Ba7 f4 41. Bd4 c2 42. Bb2 1-0


[Site "https://www.chess.com"]

[Event "Titled Tuesday Blitz January 03 Early 2023"]
[White "Carlsen, Magnus"]
[Black "Chigaev, Maksim"]
[WhiteFideId "1503014"]
[BlackFideId "4108116"]
[WhiteElo "2853"]
[BlackElo "2628"]
[Result "0-1"]
[Round "08"]
[TimeControl "180+2"]
[Date "2023.01.03"]
[WhiteClock "0:00:08"]
[BlackClock "0:00:03"]

1. b3 g6 2. Bb2 Nf6 3. g3 d5 4. Nf3 c5 5. Bg2 h5 6. c4 d4 7. b4 h4 8. Nxh4 e5 9. d3 cxb4 10. a3 Nc6 11. Nd2 Rxh4 12. gxh4 Nh5 13. Bxc6+ bxc6 14. Qa4 Bd7 15. axb4 Nf4 16. Bc1 Qxh4 17. Kd1 Qxf2 18. Kc2 Qxe2 19. Ra3 a5 20. Rb3 Bxb4 21. c5 Nd5 22. h4 Nc3 23. Qa1 Rb8 24. Rxb4 axb4 25. Qa7 Rd8 26. h5 gxh5 27. Qc7 Nd5 28. Qd6 b3+ 29. Kb2 Qxd3 30. Qxe5+ Be6 31. Nxb3 Ne3 32. Qh8+ Ke7 0-1


[Site "https://www.chess.com"]

[Event "Titled Tuesday Blitz January 03 Early 2023"]
[White "Fedoseev, Vladimir"]
[Black "Jones, Gawain C B"]
[WhiteFideId "24130737"]
[BlackFideId "409561"]
[WhiteElo "2680"]
[BlackElo "2618"]
[Result "1-0"]
[Round "08"]
[TimeControl "180+2"]
[Date "2023.01.03"]
[WhiteClock "0:00:07"]
[BlackClock "0:00:05"]

1. e4 e5 2. Nf3 Nc6 3. Bb5 a6 4. Ba4 Nf6 5. O-O Bc5 6. Bxc6 dxc6 7. d3 Qe7 8. Nbd2 a5 9. Nc4 Nd7 10. Be3 f6 11. Re1 b5 12. Ncd2 Bxe3 13. Rxe3 a4 14. d4 O-O 15. c4 Bb7 16. Qc2 b4 17. c5 exd4 18. Qc4+ Kh8 19. Qxd4 Rfb8 20. Rc1 Ba6 21. a3 Ne5 22. axb4 Nd3 23. Rxd3 Rd8 24. Ra3 Rxd4 25. Nxd4 Bb5 26. Re1 Rd8 27. N2f3 g6 28. h3 Rd7 29. e5 fxe5 30. Nxe5 Qh4 31. Ndf3 Qd8 32. Nxd7 Qxd7 33. Rae3 Bc4 34. Re8+ Bg8 35. R1e7 Qd1+ 36. Kh2 Qc1 37. Kg3 h6 38. h4 Qxb2 39. Ne5 Qc2 40. Nf7+ Kg7 41. Nd8+ Kf6 42. Re3 Qc3 43. Rxc3 Bb3 44. Rf3+ Kg7 45. Rxb3 axb3 46. Re3 b2 47. Rb3 Kf6 48. Rxb2 Ke5 49. Rd2 Ke4 50. Nxc6 g5 51. Rd4+ Kf5 52. h5 1-0


[Site "https://www.chess.com"]

[Event "Titled Tuesday Blitz January 03 Early 2023"]
[White "Xiong, Jeffery"]
[Black "Grigoriants, Sergey"]
[WhiteFideId "2047640"]
[BlackFideId "4130804"]
[WhiteElo "2692"]
[BlackElo "2562"]
[Result "1-0"]
[Round "08"]
[TimeControl "180+2"]
[Date "2023.01.03"]
[WhiteClock "0:02:38"]
[BlackClock "0:00:25"]

1. e4 e5 2. f4 exf4 3. Bc4 Qh4+ 4. Kf1 d6 5. Nf3 Qd8 6. d4 g5 7. h4 Bg4 8. hxg5 Bg7 9. Bxf4 Nc6 10. c3 Nge7 11. Nbd2 Ng6 12. Be3 Qe7 13. Qa4 O-O 14. Qd1 Kh8 15. Qe1 1-0


[Site "https://www.chess.com"]

[Event "Titled Tuesday Blitz January 03 Early 2023"]
[White "Vokhidov, Shamsiddin"]
[Black "Sanal, Vahap"]
[WhiteFideId "14204223"]
[BlackFideId "6300545"]
[WhiteElo "2586"]
[BlackElo "2600"]
[Result "1-0"]
[Round "08"]
[TimeControl "180+2"]
[Date "2023.01.03"]
[WhiteClock "0:01:19"]
[BlackClock "0:00:12"]

1. e4 d6 2. d4 Nf6 3. Nc3 e5 4. Nf3 Nbd7 5. Bc4 Be7 6. O-O O-O 7. a4 c6 8. h3 h6 9. Re1 Re8 10. b3 exd4 11. Nxd4 Bf8 12. Nf3 Ne5 13. Nxe5 dxe5 14. Qf3 Be6 15. Rd1 Qc7 16. Bxh6 Bxc4 17. bxc4 Qa5 18. Bg5 Nh7 19. Bh4 Qc5 20. Rd7 Qxc4 21. Rxb7 Bb4 22. Nd5 Bf8 23. Qxf7+ Kh8 24. Ne3 Qxe4 25. Bg3 Rab8 26. Rxb8 Rxb8 27. Qxa7 Rd8 28. a5 Nf6 29. a6 Nh5 30. Qb6 Ra8 31. Qb7 Re8 32. Qf7 Nf6 33. a7 c5 34. Qxe8 1-0


[Site "https://www.chess.com"]

[Event "Titled Tuesday Blitz January 03 Early 2023"]
[White "Naroditsky, Daniel"]
[Black "Zierk, Steven"]
[WhiteFideId "2026961"]
[BlackFideId "2034255"]
[WhiteElo "2618"]
[BlackElo "2488"]
[Result "1-0"]
[Round "08"]
[TimeControl "180+2"]
[Date "2023.01.03"]
[WhiteClock "0:01:09"]
[BlackClock "0:00:39"]

1. Nf3 e6 2. d4 f5 3. Bf4 Nf6 4. e3 Be7 5. h3 O-O 6. Be2 d6 7. c4 Nbd7 8. Nc3 b6 9. O-O Bb7 10. Ng5 e5 11. Ne6 Qe8 12. Nxf8 Bxf8 13. Bh2 Qg6 14. Bf3 e4 15. Be2 Qf7 16. b4 g5 17. f3 Qg6 18. fxe4 fxe4 19. Bg4 Nxg4 20. Qxg4 Nf6 21. Qf5 Bg7 22. c5 bxc5 23. bxc5 Ba6 24. Rf2 Bd3 25. cxd6 cxd6 26. Bxd6 g4 27. Nd5 Qxf5 28. Ne7+ Kh8 29. Nxf5 Nd5 30. hxg4 Bf6 31. g3 Rg8 32. Rc1 Rxg4 33. Rc5 Nb6 34. Nh6 Rg6 35. Rxf6 Rxf6 36. Be5 Nd7 37. Bxf6+ Nxf6 38. Nf5 h5 39. d5 Kg8 40. d6 Kf7 41. Re5 1-0


[Site "https://www.chess.com"]

[Event "Titled Tuesday Blitz January 03 Early 2023"]
[White "Sarana, Alexey"]
[Black "Molina, Roberto Junio Brito"]
[WhiteFideId "24133795"]
[BlackFideId "2109450"]
[WhiteElo "2685"]
[BlackElo "2403"]
[Result "1-0"]
[Round "08"]
[TimeControl "180+2"]
[Date "2023.01.03"]
[WhiteClock "0:00:06"]
[BlackClock "0:00:30"]

1. c4 c6 2. Nc3 d5 3. d4 Nf6 4. Nf3 dxc4 5. a4 Bf5 6. Ne5 Nbd7 7. Nxc4 Nb6 8. Ne5 a5 9. e3 h6 10. Qf3 Bh7 11. Bd3 Bxd3 12. Nxd3 e6 13. O-O Be7 14. b3 O-O 15. Bb2 Rc8 16. e4 Nbd7 17. Rfb1 Qb6 18. Ne2 Rfd8 19. Bc3 c5 20. d5 exd5 21. exd5 Bd6 22. Nef4 Re8 23. h3 Qa6 24. Rd1 c4 25. bxc4 Rxc4 26. Bb2 b5 27. axb5 Qxb5 28. Rab1 Qa6 29. Re1 Rxe1+ 30. Rxe1 Rc8 31. g4 a4 32. Ra1 Qb5 33. Kg2 Bxf4 34. Bxf6 Nxf6 35. Nxf4 Rc4 36. Rd1 a3 37. d6 a2 38. Ne2 Ra4 39. Nc3 Qb3 40. Nxa4 Qxa4 41. Ra1 Ne4 42. d7 1-0


[Site "https://www.chess.com"]

[Event "Titled Tuesday Blitz January 03 Early 2023"]
[White "Paravyan, David"]
[Black "Xu, Yi"]
[WhiteFideId "4194985"]
[BlackFideId "8605564"]
[WhiteElo "2601"]
[BlackElo "2527"]
[Result "1-0"]
[Round "08"]
[TimeControl "180+2"]
[Date "2023.01.03"]
[WhiteClock "0:00:15"]
[BlackClock "0:00:02"]

1. e4 e5 2. Nf3 Nf6 3. Nc3 Nc6 4. d4 exd4 5. Nxd4 Bb4 6. Nxc6 bxc6 7. Bd3 O-O 8. O-O d5 9. exd5 cxd5 10. h3 c6 11. Qf3 h6 12. Re1 Bd6 13. Bf4 Rb8 14. b3 Be6 15. Ne2 c5 16. Rad1 Re8 17. a4 Bxf4 18. Nxf4 Qd6 19. Qg3 d4 20. Nxe6 Qxg3 21. fxg3 Rxe6 22. Rxe6 fxe6 23. Re1 Kf7 24. Bc4 Nd5 25. Re4 Kf6 26. Kf2 Rb6 27. Bxd5 exd5 28. Re8 d3 29. cxd3 Rxb3 30. Rc8 Rxd3 31. Rxc5 Rd2+ 32. Kf3 Rd3+ 33. Kf2 Rd2+ 34. Kf1 Ke5 35. Rc7 d4 36. Rxg7 Ke4 37. Rxa7 Ra2 38. Re7+ Kd3 39. g4 Rxa4 40. Re6 Ra2 41. Rxh6 Ke3 42. Re6+ Kf4 43. Rf6+ Ke3 44. Re6+ Kd2 45. Re2+ 1-0


[Site "https://www.chess.com"]